Map: Romanticide LE

Players

Ibanez

  • Race: Zerg Zerg
  • League: Master
  • Spawn Location: 5:00

Nano - Winner!

  • Race: Terran Terran
  • League: Diamond
  • Spawn Location: 11:00

VOD

Have the link to the VOD?

Description

Time

  • Played on: March 20, 2021, 8:16 a.m.
  • Length: 9:03
Show
View Real Time Build Order
Export as new Build Order

Ibanez Zerg 

Build Orders: Hatch First 

Get SALT Encoding   

  12  0:04  Drone  
  13  0:13  Overlord  
  13  0:16  Drone  
  14  0:32  Drone  
  14  0:33  Drone  
  16  0:36  Drone  
  17  0:52  Hatchery  
  17  0:56  Drone  
  17  0:59  Drone  
  18  1:13  Extractor  
  18  1:14  Spawning Pool  
  18  1:17  Drone  
  17  1:20  Drone  
  18  1:30  Drone  
  19  1:40  Drone  
  20  1:51  Drone  
  21  2:04  Queen x2  
  21  2:05  Zergling x4  
  27  2:15  Overlord  
  27  2:18  Metabolic Boost  
  27  2:34  Drone x2  
  27  2:36  Drone  
  30  2:41  Hatchery  
  28  2:50  Queen  
  30  2:52  Drone x2  
  32  3:01  Overlord  
  32  3:04  Drone x2  
  34  3:09  Zergling x2  
  35  3:13  Zergling x2  
  35  3:15  Spine Crawler  
  35  3:16  Zergling x2  
  35  3:22  Zergling x2  
  34  3:29  Queen  
  34  3:30  Pneumatized Carapace  
  36  3:35  Drone x2  
  38  3:41  Drone x3  
  38  3:44  Zergling x2  
  42  3:56  Drone x2  
  44  4:03  Drone x2  
  46  4:11  Drone x3  
  46  4:16  Drone  
  50  4:20  Overlord  
  50  4:21  Overlord  
  50  4:31  Spore Crawler  
  49  4:32  Spore Crawler, Overlord, Queen  
  50  4:39  Queen  
  50  4:41  Drone x2  
  50  4:45  Overlord x2  
  54  4:46  Drone x3  
  54  4:47  Drone  
  58  4:59  Lair  
  58  5:05  Zergling x8  
  62  5:07  Drone  
  62  5:13  Queen  
  65  5:14  Drone  
  65  5:15  Drone x2, Extractor  
  65  5:19  Baneling Nest  
  66  5:23  Drone x2  
  66  5:24  Drone  
  68  5:31  Drone  
  68  5:32  Drone x2  
  68  5:33  Hatchery  
  68  5:41  Extractor  
  67  5:43  Extractor  
  67  5:44  Drone x3  
  67  5:45  Drone x4  
  73  5:57  Drone  
  73  5:59  Zergling x2  
  73  6:02  Overlord  
  74  6:06  Centrifical Hooks  
  74  6:10  Evolution Chamber  
  73  6:13  Evolution Chamber  
  72  6:20  Drone, Overlord  
  72  6:21  Drone x2  
  72  6:22  Drone x3, Extractor  
  72  6:23  Drone x3, Extractor  
  79  6:29  Drone  
  79  6:30  Spore Crawler  
  79  6:32  Zergling x6, Infestation Pit  
  81  6:33  Zergling x2  
  81  6:35  Baneling x5  
  81  6:38  Overlord  
  81  6:39  Drone  
  83  6:42  Queen  
  83  6:43  Drone x2  
  83  6:45  Drone  
  88  6:50  Drone x3  
  91  6:54  Overseer  
  91  6:59  Zerg Melee Weapons Level 1  
  91  7:04  Zerg Ground Armor Level 1  
  91  7:09  Drone x4  
  91  7:10  Drone x7  
  91  7:14  Spore Crawler  
  101  7:17  Hive  
  101  7:27  Zergling x6  
  101  7:29  Baneling x3  
  103  7:30  Baneling  
  103  7:31  Overlord x3  
  103  7:32  Overlord  
  103  7:35  Overlord  
  103  7:42  Baneling x2  
  103  7:43  Overlord x2, Baneling x3  
  103  7:49  Overlord  
  104  7:51  Zergling x6  
  104  7:52  Zergling x14  
  104  7:55  Zergling x6  
  104  7:57  Baneling x3  
  116  8:04  Zergling x2  
  116  8:05  Zergling x10  
  116  8:07  Baneling x3  
  116  8:10  Queen  
  107  8:25  Zergling x16  
  107  8:26  Zergling x16  
  114  8:30  Zergling x2  
  114  8:34  Infestation Pit  
  114  8:36  Ultralisk Cavern  
  114  8:37  Baneling x3  
  114  8:40  Zergling x2  
  114  8:41  Zergling x6  
  118  8:45  Zergling x2  
  118  8:46  Zergling x4  
Show
View Real Time Build Order
Export as new Build Order

Nano Terran - Winner!

Build Orders: Mech 

Get SALT Encoding   

  12  0:00  SCV  
  13  0:12  SCV  
  14  0:17  Supply Depot  
  14  0:25  SCV  
  14  0:27  Refinery  
  15  0:38  SCV  
  16  0:44  Barracks  
  16  0:50  SCV  
  16  0:55  Refinery  
  17  1:03  SCV  
  18  1:15  SCV  
  19  1:33  Reaper, Orbital Command  
  19  1:36  Factory  
  20  1:45  Supply Depot  
  20  1:59  SCV  
  21  2:05  Reaper  
  22  2:11  SCV  
  23  2:21  Hellion  
  25  2:23  SCV  
  26  2:32  Command Center  
  26  2:38  SCV  
  27  2:47  Barracks Tech Lab  
  27  2:48  Factory Tech Lab  
  27  2:50  SCV  
  28  2:51  Starport  
  28  2:57  Supply Depot  
  28  3:02  SCV  
  32  3:27  Cyclone  
  32  3:31  SCV  
  33  3:40  Raven  
  35  3:43  SCV  
  35  3:44  Refinery, Orbital Command  
  35  3:47  Refinery  
  33  3:57  SCV  
  34  4:05  Cyclone  
  34  4:09  SCV  
  37  4:12  SCV  
  38  4:21  SCV  
  38  4:24  SCV  
  40  4:29  Raven  
  42  4:34  SCV  
  42  4:36  SCV  
  44  4:39  Supply Depot, Siege Tank  
  44  4:42  Supply Depot  
  47  4:46  SCV  
  47  4:48  SCV  
  49  4:58  SCV  
  50  5:01  Factory  
  50  5:02  Factory, Supply Depot  
  50  5:04  SCV  
  50  5:05  Supply Depot  
  51  5:07  Barracks Reactor  
  51  5:10  SCV  
  52  5:16  SCV  
  52  5:17  Raven  
  55  5:22  SCV  
  57  5:28  SCV  
  57  5:33  Siege Tank  
  57  5:34  SCV  
  61  5:37  Supply Depot  
  61  5:39  Supply Depot  
  61  5:41  SCV  
  62  5:53  SCV  
  63  5:58  Factory Tech Lab  
  63  6:00  Factory Reactor  
  63  6:11  Viking x2  
  67  6:15  Supply Depot, Engineering Bay, Siege Tank x2  
  73  6:22  Armory  
  73  6:23  Supply Depot  
  73  6:39  Supply Depot, Hellion x2  
  77  6:41  Viking x2  
  81  6:48  Siege Tank  
  81  6:50  Supply Depot  
  84  7:10  Hellion x2, Siege Tank  
  84  7:11  Supply Depot  
  84  7:12  Viking x2  
  84  7:13  Supply Depot  
  95  7:24  Siege Tank  
  95  7:25  Supply Depot  
  98  7:34  Supply Depot  
  98  7:42  Liberator  
  101  7:45  Hellion  
  101  7:46  Hellion x2  
  107  7:57  Viking  
  109  8:02  Supply Depot  
  109  8:03  Supply Depot  
  103  8:05  Siege Tank  
  103  8:11  Hellion x2  
  102  8:25  Viking  
  95  8:27  Siege Tank  
Tags
 
Composition
Mech
Matchup
TvZ
Spawn Locations
Cross Positions
Add a new tag
Caveats
  • Supply blocks, unpowered buildings, or Contaminate may cause inaccurate times.
  • Supply counts are checked every 10 seconds.